 Dungeon Sprint DCSS version 0.23.2-1-ga50397a6bc (webtiles) character file.

Game seed: 7995108729746010351

1724 Groucho the Unseen (level 8, 0/36 HPs)
             Began as a Spriggan Enchanter on May 23, 2019.
             Succumbed to a hornet's poison
             ... in the Dungeon (Sprint I: "Red Sonja").
             The game lasted 00:02:47 (603 turns).

Groucho the Unseen (Spriggan Enchanter)              Turns: 603, Time: 00:02:47

Health: 0/36       AC:  2    Str:  4    XL:     8   Next: 75%
Magic:  25/25      EV: 18    Int: 17    God:
Gold:   311        SH:  0    Dex: 18    Spells: 31/32 levels left

rFire    . . .     SeeInvis +   c - +1 dagger (venom)
rCold    . . .     Gourm    .   (shield restricted)
rNeg     . . .     Faith    .   b - +0 robe
rPois    .         Spirit   .   (helmet restricted)
rElec    .         Reflect  .   (no cloak)
rCorr    .         Harm     .   (gloves unavailable)
MR       +....     NoTele   +   (boots unavailable)
Stlth    +++++++...             (no amulet)
HPRegen  0.12/turn              (no ring)
MPRegen  0.19/turn              (no ring)

@: lethally poisoned (0 -> -16), hasted, very quick
A: very small, unfitting armour, see invisible, herbivore, speed 3, slow
metabolism 2
a: no special abilities


You were in the Dungeon.
You were not hungry.

You visited 1 branch You collected 311 gold pieces.

Inventory:

Hand Weapons
 c - a +1 dagger of venom (weapon)
Armour
 b - a +0 robe (worn)
Scrolls
 a - a scroll of enchant weapon {unknown}
 e - a scroll of fog {unknown}
Potions
 h - 2 potions of magic
Comestibles
 d - a ration


   Skills:
 - Level 1.1 Short Blades
 - Level 3.0 Dodging
 - Level 18.0 Stealth
 + Level 12.5 Spellcasting
 + Level 13.4 Hexes


You had 31 spell levels left.
You knew the following spells:

 Your Spells              Type           Power        Failure   Level  Hunger
a - Corona                Hex            ######.      1%          1    None

Your spell library contained the following spells:

 Spells                   Type           Power        Failure   Level  Hunger
 Ensorcelled Hibernation  Hex/Ice        ####..       1%          2    None
 Confuse                  Hex            ######..     1%          3    None
 Dazzling Spray           Conj/Hex       ####..       1%          3    None
 Tukima's Dance           Hex            ######..     1%          3    None


Dungeon Overview and Level Annotations

Branches:
Dungeon (1/1)

Altars:
Cheibriados
Dithmenos
Elyvilon
Fedhas
Gozag
Hepliaklqana
Kikubaaqudgha
Nemelex Xobeh
Okawaru
Qazlal
Ru
Sif Muna
Trog
Uskayaw
Vehumet
Wu Jian
Yredelemnul
Zin
The Shining One

Shops:
D *


Innate Abilities, Weirdness & Mutations

You are very small and have problems with some larger weapons.
You are too small for most types of armour.
You have supernaturally acute eyesight. (SInv)
You are a herbivore.
You cover ground extremely quickly.
You need to consume almost no food.


Message History

* * * LOW HITPOINT WARNING * * *
You feel sick.
You enter the shallow water.
Moving in this stuff is going to be slow.
* * * LOW HITPOINT WARNING * * *
You feel sick.
* * * LOW HITPOINT WARNING * * *
You feel sick. The hornet closely misses you.
* * * LOW HITPOINT WARNING * * *
You feel sick. The hornet misses you.
* * * LOW HITPOINT WARNING * * *
You feel sick.
There is an open door here.
* * * LOW HITPOINT WARNING * * *
You feel sick.
Unknown command.
Unknown command.
Unknown command.
You feel yourself speed up.
You die...

################
#<.#.)'..#.)'..#
#..'..#.)'..#..+
#..#####'#####'# ####
#..## #..#...#.####(§####
#..#__####..##.#≈§§.§#$$#
#..#_____##'#@.§y§§§.'..#
#⌠⌠#_.∩..÷'..._#≈§≈.§#$$#
####_..__##_.#'##+#####+#
#_____ ##+#.# ###### ###


You could see a hornet.

Vanquished Creatures
  2 centaur warriors (D)
  Sigmund (D)
  A yak (D)
  An ogre (D)
  A jelly (D)
  Ijyb (D)
7 creatures vanquished.

Notes
Turn   | Place    | Note
-------+----------+-------------------------------------------
     0 | D        | Groucho the Spriggan Enchanter began the quest for the Orb.
     0 | D        | Reached XP level 1. HP: 9/9 MP: 5/5
     2 | D        | Noticed Ijyb
    12 | D        | Killed Ijyb
    12 | D        | Reached skill level 10 in Stealth
    12 | D        | Reached XP level 2. HP: 12/13 MP: 6/6
   165 | D        | Noticed an ogre
   167 | D        | Killed an ogre
   167 | D        | Reached skill level 14 in Stealth
   167 | D        | Reached XP level 3. HP: 16/16 MP: 8/8
   167 | D        | Reached XP level 4. HP: 21/21 MP: 9/9
   181 | D        | Noticed Sigmund
   183 | D        | Killed Sigmund
   183 | D        | Reached skill level 17 in Stealth
   183 | D        | Reached XP level 5. HP: 24/24 MP: 10/10
   195 | D        | Found a deep blue altar of Sif Muna.
   196 | D        | Found an ornate altar of the Wu Jian Council.
   197 | D        | Found a radiant altar of Vehumet.
   201 | D        | Reached skill level 18 in Stealth
   201 | D        | Reached XP level 6. HP: 28/28 MP: 11/11
   230 | D        | Found Ciojefic's General Store.
   230 | D        | Found an ancient bone altar of Kikubaaqudgha.
   230 | D        | Found a hazy altar of Hepliaklqana.
   230 | D        | Found a hide-covered altar of Uskayaw.
   230 | D        | Found a basalt altar of Yredelemnul.
   230 | D        | Found an opulent altar of Gozag.
   230 | D        | Found a snail-covered altar of Cheibriados.
   230 | D        | Found a sacrificial altar of Ru.
   230 | D        | Found a shadowy altar of Dithmenos.
   230 | D        | Noticed a yak
   231 | D        | Found a stormy altar of Qazlal.
   231 | D        | Found a blossoming altar of Fedhas.
   231 | D        | Found a bloodstained altar of Trog.
   231 | D        | Found an iron altar of Okawaru.
   231 | D        | Found a glowing golden altar of the Shining One.
   231 | D        | Found a glowing silver altar of Zin.
   231 | D        | Found a white marble altar of Elyvilon.
   232 | D        | Killed a yak
   232 | D        | Reached skill level 5 in Spellcasting
   361 | D        | Found a sparkling altar of Nemelex Xobeh.
   377 | D        | Noticed a centaur warrior
   378 | D        | Noticed a centaur warrior
   379 | D        | Killed a centaur warrior
   379 | D        | Reached skill level 10 in Spellcasting
   379 | D        | Reached XP level 7. HP: 32/32 MP: 16/22
   379 | D        | Reached XP level 8. HP: 36/36 MP: 16/23
   380 | D        | Killed a centaur warrior
   590 | D        | Noticed a hornet
   602 | D        | HP: 1/36 [poisoned by a hornet]
   603 | D        | Succumbed to a hornet's poison

Skill      XL: |  1  2  3  4  5  6  7  8 |
---------------+-------------------------+-----
Stealth        | 10 14 17 18 | 18.0
Spellcasting   | 3 10 12 | 12.5
Hexes          | 4 11 13 | 13.4
Short Blades   | |  1.1
Dodging        | |  3.0

Action                   |  1- 3 |  4- 6 |  7- 9 || total
-------------------------+-------+-------+-------++-------
Melee: Dagger            |     9 |     4 |     2 ||    15
  Use: Potion            |     2 |       |     2 ||     4
       Scroll            |       |     1 |       ||     1
 Stab: Sleeping          |     2 |     4 |     1 ||     7
Dodge: Dodged            |     4 |       |     7 ||    11
